 Dungeon Sprint DCSS version bcrawl-1.12.1 (webtiles) character file.

Game seed: 8137300764548440544

123 Groucho the Skirmisher (level 5, -2/55 HPs)
             Began as a Naga Fighter on July 13, 2019.
             Was a Believer of Cheibriados.
             Slain by a gnoll sergeant
             ... wielding a +0 spear
              (4 damage)
             ... while paralysed by a floating eye
             ... in the Dungeon (Sprint VII: "The Pits").
             The game lasted 00:01:54 (522 turns).

Groucho the Skirmisher (Naga Fighter)                Turns: 522, Time: 00:01:54

Health: -2/55      AC:  6    Str: 23    XL:     5   Next: 7%
Magic:  5/5        EV:  1    Int: 14    God:    Cheibriados [**....]
Gold:   0          SH:  0    Dex: 16    Spells: 4/4 levels left

rFire    . . .     SeeInvis +   l - +2 hand axe
rCold    . . .     Gourm    .   c - +0 shield
rNeg     . . .     Faith    .   b - +0 scale mail
rPois    +         Spirit   .   (no helmet)
rElec    .         Reflect  .   (no cloak)
rCorr    .         Harm     .   (no gloves)
MR       .....     NoTele   +   (no barding)
Stlth    ..........             (no amulet)
HPRegen  0.18/turn              (no ring)
MPRegen  0.09/turn              (no ring)

@: paralysed, very slightly contaminated, invisible, very slow
A: large, see invisible, deformed body, poison resistance, slowness 2, slow
metabolism 1, spit poison 1, AC +1
a: Spit Poison, Bend Time, Renounce Religion


You were in the Dungeon.
You worshipped Cheibriados.
Cheibriados was pleased with you.
You were not hungry.

You visited 1 branch

Inventory:

Hand Weapons
 l - a +2 hand axe (weapon)
 m - a +2 mace
Missiles
 r - 10 stones (quivered)
Armour
 b - a +0 scale mail (worn)
 c - a +0 shield (worn)
Scrolls
 k - a scroll of blinking
 n - 2 scrolls of vulnerability
 o - 3 scrolls of remove curse
 p - 5 scrolls of amnesia
 q - a scroll of summoning
Potions
 d - a potion of might
 h - a potion of haste
 i - 4 potions of magic
 j - 3 potions of berserk rage
Comestibles
 f - 9 rations {!d}


   Skills:
 + Level 6.0 Fighting
 + Level 3.7 Axes
 + Level 5.1 Armour
 + Level 4.7 Shields
 + Level 0.6 Invocations


You had 4 spell levels left.
You didn't know any spells.
Your spell library was empty.

Dungeon Overview and Level Annotations

Branches:
Dungeon (1/1)

Altars:
Ashenzari
Cheibriados
Dithmenos
Elyvilon
Fedhas
Gozag
Hepliaklqana
Kikubaaqudgha
Lugonu
Makhleb
Nemelex Xobeh
Okawaru
Qazlal
Ru
Sif Muna
Trog
Uskayaw
Vehumet
Wu Jian
Xom
Yredelemnul
Zin
The Shining One
Beogh
Jiyva


Innate Abilities, Weirdness & Mutations

You cannot wear boots.
Your serpentine skin is tough. (AC +1)
You have supernaturally acute eyesight. (SInv)
Armour fits poorly on your strangely shaped body.
Your system is resistant to poisons. (rPois)
You cover ground very slowly.
You have a slow metabolism.
You can spit poison.


Message History

The gnoll sergeant hits you with a +0 spear.
* * * LOW HITPOINT WARNING * * *
You block the gnoll's attack. You block the gnoll's attack.
The gnoll sergeant barely misses you.
The floating eye gazes piercingly through you!
You suddenly lose the ability to move!
You can move again.
You block the gnoll sergeant's attack.
There is an open door to the Storerooms (Easy) here.
The gnoll sergeant hits you but does no damage.
You block the gnoll sergeant's attack. The floating eye's view fixates on you.
The gnoll sergeant hits you but does no damage.
The floating eye gazes piercingly through you!
You suddenly lose the ability to move!
The gnoll sergeant barely misses you. The floating eye seems to glare at you.
The gnoll hits you from afar with a +0 spear.
* * * LOW HITPOINT WARNING * * *
The gnoll sergeant hits you with a +0 spear.
You die...

############
#_________.#
#_________.#
#_______...###########++
##########'##...........
#..|.')))'.##......#..#
##########g##.G........
#.....)..gg.ggg@........
#+#####'#####......#..#.
#...#.# #...........
#...#G# ####'#####+
#.G)gg# #.......#
##'#### #.......#
#g....# #.......#
#...gG# #...<...#
#......g #.......#


You could see a gnoll sergeant, a floating eye and 5 gnolls.

Vanquished Creatures
  A floating eye (D)
  A gnoll (D)
  An ufetubus (D)
  A goblin (D)
  A kobold (D)
  A frilled lizard (D)
  A rat (D)
7 creatures vanquished.

Notes
Turn   | Place    | Note
-------+----------+-------------------------------------------
     0 | D        | Groucho the Naga Fighter began the quest for the Orb.
     0 | D        | Reached XP level 1. HP: 21/21 MP: 1/1
    45 | D        | Found a bloodstained altar of Trog.
    45 | D        | Found a deep blue altar of Sif Muna.
    45 | D        | Found a viscous altar of Jiyva.
    45 | D        | Found a hazy altar of Hepliaklqana.
    45 | D        | Found an opulent altar of Gozag.
    46 | D        | Found a glowing golden altar of the Shining One.
    46 | D        | Found a glowing silver altar of Zin.
    46 | D        | Found a basalt altar of Yredelemnul.
    46 | D        | Found a shimmering altar of Xom.
    46 | D        | Found an ornate altar of the Wu Jian Council.
    46 | D        | Found a sacrificial altar of Ru.
    46 | D        | Found a stormy altar of Qazlal.
    46 | D        | Found an iron altar of Okawaru.
    46 | D        | Found a sparkling altar of Nemelex Xobeh.
    46 | D        | Found a burning altar of Makhleb.
    46 | D        | Found a blossoming altar of Fedhas.
    46 | D        | Found a white marble altar of Elyvilon.
    46 | D        | Found a shadowy altar of Dithmenos.
    46 | D        | Found a snail-covered altar of Cheibriados.
    49 | D        | Found a corrupted altar of Lugonu.
    49 | D        | Found a radiant altar of Vehumet.
    49 | D        | Found a roughly hewn altar of Beogh.
    50 | D        | Found an ancient bone altar of Kikubaaqudgha.
    50 | D        | Found a hide-covered altar of Uskayaw.
    50 | D        | Found a shattered altar of Ashenzari.
    57 | D        | Became a worshipper of Cheibriados the Contemplative
    73 | D        | Noticed a floating eye
    75 | D        | Paralysed by a floating eye for 4 turns
    82 | D        | Paralysed by a floating eye for 2 turns
    85 | D        | Killed a floating eye
    85 | D        | Reached skill level 5 in Fighting
    85 | D        | Reached XP level 2. HP: 20/33 MP: 2/2
    85 | D        | Reached XP level 3. HP: 25/40 MP: 3/3
    85 | D        | Reached XP level 4. HP: 30/48 MP: 4/4
    94 | D        | Reached * piety under Cheibriados
    94 | D        | Reached skill level 5 in Armour
   486 | D        | Reached XP level 5. HP: 50/55 MP: 5/5
   491 | D        | Reached ** piety under Cheibriados
   493 | D        | Noticed a floating eye
   493 | D        | Paralysed by a floating eye for 2 turns
   500 | D        | Paralysed by a floating eye for 2 turns
   504 | D        | Reached skill level 6 in Fighting
   504 | D        | Paralysed by a floating eye for 3 turns
   510 | D        | Paralysed by a floating eye for 3 turns
   512 | D        | HP: 1/55 [gnoll sergeant/+0 spear (5)]
   517 | D        | Paralysed by a floating eye for 2 turns
   521 | D        | Paralysed by a floating eye for 4 turns
   522 | D        | HP: 2/55 [gnoll/+0 spear (1)]
   522 | D        | Slain by a gnoll sergeant

Skill      XL: |  1  2  3  4  5 |
---------------+----------------+-----
Fighting       | 5 6 |  6.0
Axes           | 3 |  3.7
Armour         | 4 5 |  5.1
Shields        | 4 |  4.7
Invocations    | |  0.6

Action                   |  1- 3 |  4- 6 || total
-------------------------+-------+-------++-------
Melee: Hand axe          |     4 |    17 ||    21
       War axe           |     4 |       ||     4
 Abil: Spit Poison       |       |     1 ||     1
  Use: Potion            |     2 |     2 ||     4
 Stab: Invisible         |       |     1 ||     1
Armor: Scale mail        |       |    19 ||    19
Dodge: Dodged            |     2 |    18 ||    20
Block: Shield            |     2 |    31 ||    33
